 Dungeon Crawl Stone Soup version 0.29.1-12-g30fa7ad0bf (webtiles) character file.

Game seed: 8110825870934991120

438 sanboga the Ruffian (level 6, -1/62 HPs)
             Began as a Troll Monk on Dec 12, 2022.
             Slain by an iguana (11 damage)
             ... on level 5 of the Dungeon.
             The game lasted 00:03:44 (2624 turns).

sanboga the Ruffian (Troll Monk)                    Turns: 2624, Time: 00:03:44

Health: -1/62      AC:  4    Str: 22    XL:     6   Next: 69%
Magic:  5/5        EV: 10    Int:  6    God:
Gold:   179        SH:  0    Dex: 12    Spells: 5/5 levels left

rFire   + . .      SeeInvis .     - Unarmed
rCold   . . .      Faith    .   (no shield)
rNeg    . . .      Spirit   .   a - +0 robe
rPois   .          Reflect  .   (helmet restricted)
rElec   .          Harm     .   (no cloak)
rCorr   .          Rampage  .   (gloves unavailable)
Will    .....                   (boots unavailable)
Stlth   ++........              (no amulet)
HPRegen 1.00/turn               p - ring of protection from fire
MPRegen 0.09/turn               (no ring)

@: weakened
A: large, unfitting armour, claws 3, regeneration 1, shaggy fur 1, tough skin 1
a: no special abilities


You were on level 5 of the Dungeon.
You visited 1 branch of the dungeon, and saw 5 of its levels.

You collected 179 gold pieces.

Inventory:

Armour
 a - a +0 robe (worn)
Jewellery
 p - a ring of protection from fire (left claw)
Wands
 h - a wand of polymorph (11)
 l - a wand of paralysis (9)
Scrolls
 j - 3 scrolls of teleportation {unknown}
 m - a scroll of acquirement {unknown}
 r - a scroll of amnesia {unknown}
Potions
 b - a potion of ambrosia
 c - a potion of heal wounds {unknown}
 e - a potion of haste
 g - a potion of might
 i - 2 potions of flight
 k - a potion of curing {unknown}
 o - 2 potions of mutation
 s - a potion of attraction {unknown}


   Skills:
 + Level 3.7 Fighting
 + Level 3.7 Dodging
 - Level 1.0 Stealth
 * Level 5.8 Unarmed Combat


You had 5 spell levels left.
You didn't know any spells.
Your spell library contained the following spells:

 Spells                   Type           Power      Damage    Failure   Level
 Slow                     Hex            0%         N/A       45%         1
 Confusing Touch          Hex            0%         N/A       83%         3
 Vampiric Draining        Necr           0%         2d6       83%         3


Dungeon Overview and Level Annotations

Branches:
Dungeon (5/15)
 Temple: D:4-7

Altars:
Elyvilon


Innate Abilities, Weirdness & Mutations

You are too large for most types of armour.
You have claws for hands.
Your natural rate of healing is unusually fast.
You are covered in fur. (AC +1)
You have tough skin. (AC +1)


Message History

The orc hits you with a +0 mace.
An iguana comes into view.
The orc hits you with a +0 flail. The gnoll hits you but does no damage.
You scratch the gnoll. Your claw misses the gnoll.
The gnoll is almost dead.
The gnoll hits you with a +0 flail.
You completely miss the gnoll. Your claw misses the gnoll.
The gnoll is almost dead.
The orc barely misses you. The orc hits you with a +0 mace.
The orc hits you with a +0 dagger. The orc hits you with a +0 flail!
The gnoll barely misses you. The gnoll closely misses you.
You are too injured to fight recklessly!
You are too injured to fight recklessly!
The gnoll attacks as you move away! The gnoll hits you with a +0 whip.
* * * LOW HITPOINT WARNING * * *
The orc attacks as you move away! The orc hits you but does no damage.
The orc misses you. The orc hits you but does no damage.
Sorry, you're not good enough to have a special ability.
Sorry, you're not good enough to have a special ability.
The orc attacks as you move away! The orc hits you but does no damage.
The orc attacks as you move away! The orc hits you with a +0 dagger.
* * * LOW HITPOINT WARNING * * *
The gnoll barely misses you.
The gnoll bouda attacks as you move away!
The gnoll bouda hits you with a +0 club.
* * * LOW HITPOINT WARNING * * *
The orc attacks as you move away! The orc hits you with a +0 dagger.
* * * LOW HITPOINT WARNING * * *
The gnoll bouda gazes fiercely through you!
You feel your attacks grow feeble. The orc attacks as you move away!
The orc hits you with a +0 dagger.
* * * LOW HITPOINT WARNING * * *
The gnoll hits you with a +0 club.
* * * LOW HITPOINT WARNING * * *
The gnoll barely misses you.
The gnoll is no longer moving quickly.
There is a stone staircase leading up here.
The gnoll is no longer moving quickly. x2; The orc hits you but does no damage.
The iguana bites you!
You die...

#........'..................
#.......##..................
#........+..............##..
##........#................
.
..........#.....g...........
#####...#.#.....go..........
#...#.#....oog.........
..##...#.#....gol........
..........##....@g.......
........................
........................
........................
...........[.†.........#
...##..................#
.......................#
.[................###
....###............


You could see a gnoll bouda, an iguana, 4 gnolls and 4 orcs.

Vanquished Creatures
  Sigmund (D:2)
  A scorpion (D:4)
  2 iguanas
  Robin (D:2)
  7 adders
  4 dart slugs
  4 endoplasms
  6 giant cockroaches
  14 goblins
  8 hobgoblins
  6 jackals
  6 kobolds
  4 quokkas
  4 ball pythons
  4 bats
  4 frilled lizards
  9 rats
85 creatures vanquished.

Vanquished Creatures (others)
  A fungus (D:1)
  6 plants (D:1)
7 creatures vanquished.

Grand Total: 92 creatures vanquished

Notes
Turn   | Place    | Note
-------+----------+-------------------------------------------
     0 | D:1      | sanboga the Troll Monk began the quest for the Orb.
     0 | D:1      | Reached XP level 1. HP: 22/22 MP: 0/0
   203 | D:1      | Reached XP level 2. HP: 29/29 MP: 1/1
   258 | D:1      | Found a faded altar of an unknown god.
   468 | D:1      | Reached XP level 3. HP: 36/36 MP: 2/2
   968 | D:2      | Noticed Sigmund
   976 | D:2      | Killed Sigmund
   977 | D:2      | Reached skill level 4 in Unarmed Combat
   977 | D:2      | Reached XP level 4. HP: 42/45 MP: 3/3
   977 | D:2      | Reached XP level 5. HP: 49/53 MP: 4/4
  1012 | D:2      | Reached skill level 5 in Unarmed Combat
  1170 | D:2      | Noticed Robin
  1190 | D:2      | Killed Robin
  1193 | D:2      | Reached XP level 6. HP: 48/61 MP: 5/5
  2180 | D:4      | Found a white marble altar of Elyvilon.
  2285 | D:4      | Identified the +0 pair of gloves "Onoax" {rN+ Dex+2 Stlth+}
  2559 | D:5      | Entered Level 5 of the Dungeon
  2624 | D:5      | Slain by an iguana

Illustrated notes

Levels and vault maps discovered:
D:1:      psy_arrival_statuary, layout_loops_ring, shapermc_ecumenical_altar_gd,
          serial_forest, infiniplex_forest_clump_long,
          infiniplex_forest_lined_3_way, infiniplex_forest_straight_4,
          infiniplex_forest_lined_corner, infiniplex_forest_3_way, fountainhead,
          st_stairs_9, serial_bayou_pond_e, minmay_tetromino_o2
D:2:      layout_basic, minmay_misc_feat_four_crosses, uniq_sigmund, uniq_robin
D:3:      layout_basic
D:4:      layout_rooms, mainiacjoe_overflow_24_doors, serial_bayou_ford_a
D:5:      layout_basic, nzn_wu_jian_council_hall, minmay_temple_entry_junction,
          uniq_eustachio

Skill      XL: |  1  2  3  4  5 |
---------------+----------------+-----
Fighting       | 3 |  3.7
Dodging        | 3 |  3.7
Unarmed Combat | 4 5 |  5.8
Stealth        | |  1.0

Action                   |  1- 3 |  4- 6 || total
-------------------------+-------+-------++-------
Melee: Unarmed           |   135 |   120 ||   255
       Punch             |     5 |     4 ||     9
  Use: Scroll            |       |     7 ||     7
 Stab: Sleeping          |     2 |     3 ||     5
Armor: Robe              |    24 |    35 ||    59
Dodge: Dodged            |    45 |    63 ||   108
